 Dungeon Crawl Stone Soup version 0.29.1-4-g47bece8355 (webtiles) character file.

Game seed: 13608574586574539111

1348 gregunderscorem the Changer (level 8, -1/48 HPs)
             Began as an Octopode Transmuter on Dec 2, 2022.
             Was a Believer of Ru.
             Slain by a gnoll
             ... wielding a +0 flail
             ... led by a gnoll bouda
              (2 damage)
             ... on level 5 of the Dungeon.
             The game lasted 00:12:06 (5088 turns).

gregunderscorem the Changer (Octopode Transmuter)   Turns: 5088, Time: 00:12:06

Health: -1/48      AC:  1    Str: 10    XL:     8   Next: 63%
Magic:  8/11       EV: 13    Int: 22    God:    Ru [**....]
Gold:   57         SH:  0    Dex: 16    Spells: 1/11 levels left

rFire   . . .      SeeInvis .   a - +7 Throatcutter {drain, coup de grace}
rCold   . . .      Faith    .   (no shield)
rNeg    . . .      Spirit   .   (helmet restricted)
rPois   .          Reflect  .   (no amulet)
rElec   .          Harm     .   b - ring "Baharghiu" {Fly Int+5 Dex+4}
rCorr   .          Rampage  .   (no ring)
Will    .....      Rnd*Tele +   (no ring)
Stlth   ++++......              (no ring)
HPRegen 0.16/turn               (no ring)
MPRegen 0.12/turn               (no ring)
                                (no ring)
                                (no ring)

@: wereblooded, flying
A: almost no armour, amphibious, 8 rings, camouflage 1, gelatinous body 1,
inability to use devices, (nimble swimmer 1), tentacles, tentacle spike 1,
teleportitis 1
a: Renounce Religion


You were on level 5 of the Dungeon.
You worshipped Ru.
Ru was pleased with you.
You visited 1 branch of the dungeon, and saw 5 of its levels.
You also visited: Sewer.

You collected 310 gold pieces.
You spent 253 gold pieces at shops.

Inventory:

Hand Weapons
 a - the +7 Throatcutter (weapon) {drain, coup de grace}
   (You found it on level 3 of the Dungeon)

   A truly terrible weapon, it drains the life of any living foe it strikes.
   It may instantly kill foes which have little health.
 j - a +1 dagger of flaming
 k - a +1 dagger of electrocution
 r - the +4 mace of Dissolution {speed, Fly rN+++ Will- Dex-3}
   (You found it in a sewer)

   Attacks with this weapon are significantly faster.
   Dex:       It affects your dexterity (-3).
   rN:        It renders you almost immune to negative energy.
   Fly:       It grants you flight.
   Will:      It decreases your willpower.
Jewellery
 b - the ring "Baharghiu" (left tentacle) {Fly Int+5 Dex+4}
   (You acquired it on level 4 of the Dungeon)

   [ring of flight]

   Int:       It affects your intelligence (+5).
   Dex:       It affects your dexterity (+4).
   Fly:       It grants you flight.
 g - a ring of flight
 n - an amulet of faith
Scrolls
 d - 2 scrolls of enchant weapon
 e - 2 scrolls of poison
 h - a scroll of vulnerability
 l - a scroll of noise
 o - a scroll of magic mapping
 p - 2 scrolls of fog
Potions
 c - a potion of might {unknown}
 f - a potion of heal wounds
 i - a potion of haste
 q - 2 potions of attraction


   Skills:
 - Level 1.0 Fighting
 - Level 2.0 Dodging
 + Level 5.8 Stealth
 - Level 5.0 Unarmed Combat
 - Level 2.0 Spellcasting
 + Level 5.2 Summonings
 + Level 6.1 Transmutations
 + Level 2.1 Ice Magic


You had one spell level left.
You knew the following spells:

 Your Spells              Type           Power      Damage    Failure   Level
a - Beastly Appendage     Tmut           58%        N/A       1%          1
b - Wereblood             Tmut           29%        N/A       1%          2
c - Call Canine Familiar  Summ           25%        N/A       4%          3
d - Ice Form              Ice/Tmut       20%        N/A       24%         4

Your spell library contained the following spells:

 Spells                   Type           Power      Damage    Failure   Level
 Foxfire                  Conj/Fire      8%         2x1d4     14%         1
 Slow                     Hex            8%         N/A       14%         1
 Spider Form              Tmut/Pois      15%        N/A       12%         3
 Frozen Ramparts          Ice            22%        1d4       17%         3
 Sublimation of Blood     Necr           2%         N/A       21%         2
 Summon Ice Beast         Ice/Summ       18%        N/A       30%         4
 Confusing Touch          Hex            2%         N/A       38%         3
 Conjure Flame            Conj/Fire      2%         6-21      38%         3
 Inner Flame              Hex/Fire       2%         N/A       38%         3
 Portal Projectile        Hex/Tloc       4%         N/A       38%         3
 Vampiric Draining        Necr           2%         2d6       38%         3
 Flame Wave               Conj/Fire      2%         2d4       80%         4
 Leda's Liquefaction      Hex/Erth       1%         N/A       80%         4
 Summon Hydra             Summ           12%        N/A       100%        7


Dungeon Overview and Level Annotations

Branches:
Dungeon (5/15)              Sewer (visited)
 Temple: D:4-7

Altars:
Fedhas
Kikubaaqudgha
Ru
Uskayaw

Shops:
D:4 ?   D:5 *


Innate Abilities, Weirdness & Mutations

You cannot wear most types of armour.
You are amphibious.
You can wear up to eight rings at the same time.
Your skin changes colour to match your surroundings (Stealth+).
Your rubbery body absorbs attacks. (AC +1, EV +1)
You cannot study or use magical devices.
((You are camouflaged when in or above water. (Stealth+)))
You have tentacles for arms and can constrict up to eight enemies at once.
One of your tentacles bears a spike.
You are occasionally teleported next to monsters.


Message History

The gnoll barely misses you.
Your hound barely misses the scorpion.
You slash the scorpion! You drain the scorpion.
You feel a bit better.
You kill the scorpion!
The gnoll closely misses you. The gnoll barely misses you.
Your hound closely misses the scorpion.
Your Ice Magic skill increases to level 2!
You slice the gnoll!!
You feel a bit better.
You kill the gnoll!
The scorpion stings you!
You are poisoned.
The scorpion poisons you!
Your hound bites the scorpion.
The scorpion stings you.
* * * LOW HITPOINT WARNING * * *
Your hound bites the scorpion but does no damage.
You barely miss the scorpion. Your grab misses the scorpion.
Your tentacle spike misses the scorpion.
You tentacle-slap the scorpion.
The scorpion is heavily wounded.
You feel very sick.
Your hound closely misses the scorpion.
The gnoll bouda hits your hound with a +0 whip.
The scorpion is stunned by your conviction and fails to attack.
Your hound bites the scorpion but does no damage.
The scorpion stings you but does no damage.
The gnoll bouda hits your hound with a +0 whip!
Your hound dies!
Your hound's corpse disappears in a puff of smoke!
You feel better. The scorpion stings you.
You hit the scorpion.
You behead the scorpion!
You feel a bit better.
You kill the scorpion!
The gnoll closely misses you. The gnoll hits you with a +0 flail!
* * * LOW HITPOINT WARNING * * *
You barely miss the gnoll bouda. You grab the gnoll bouda.
You pierce the gnoll bouda.
The gnoll bouda is moderately wounded.
You constrict the gnoll bouda, but do no damage.
The gnoll bouda hits you with a +0 whip!
* * * LOW HITPOINT WARNING * * *
The gnoll hits you with a +0 flail.
You die...

.....###*,,,,,,,,,,,,,,,,,,,,,*
........,,****........,,,,,,,,*
g....#*****####......,,,,,,,,**
5)g..#,** #........,**,,,,,**
.#,,,,,,* #.......#*********
#).#***,* #.......# ,.## *,*
#....)..# ,##****,* #....gg.#
,,,,,,,,* #....@).# ,,,,,,,,**
#.......# ,,,,,,,,,* #.∩.....#
,,,,,,,,,* #.......# ,,,,,,,,,*
#.).....# ,,,,,,,,,* ####.####
..,,,,,,,* #.# O,....../# #.#
.........# #.## *****


You could see a gnoll bouda and a gnoll (swift).

Vanquished Creatures
  A black bear (D:5)
  A centaur (D:5)
  2 phantoms
  A kobold brigand (D:3)
  2 bullfrogs (Sewer)
  4 scorpions
  2 hounds
  3 orc priests
  2 gnoll boudas
  3 iguanas
  8 gnolls
  8 adders
  2 river rats (D:5)
  A shadow imp (D:5)
  3 dart slugs
  A worm (D:2)
  6 orcs
  16 ball pythons
  2 endoplasms
  12 giant cockroaches
  5 goblins
  9 hobgoblins
  2 jackals (D:2)
  11 kobolds
  12 quokkas
  3 bats (D:2)
  10 frilled lizards
  2 rats
134 creatures vanquished.

Vanquished Creatures (collateral kills)
  A gnoll (D:5)
  A ball python (D:4)
2 creatures vanquished.

Vanquished Creatures (others)
  A plant (D:5)
1 creature vanquished.

Grand Total: 137 creatures vanquished

Notes
Turn   | Place    | Note
-------+----------+-------------------------------------------
     0 | D:1      | gregunderscorem the Octopode Transmuter began the quest for
                  | the Orb.
     0 | D:1      | Reached XP level 1. HP: 13/13 MP: 3/3
   155 | D:1      | Reached XP level 2. HP: 18/18 MP: 5/5
   811 | D:2      | Reached XP level 3. HP: 23/23 MP: 4/6
   917 | D:2      | Learned a level 2 spell: Wereblood
   921 | D:2      | Learned a level 3 spell: Call Canine Familiar
  1125 | D:2      | Reached skill level 3 in Transmutations
  1149 | D:2      | Found an ancient bone altar of Kikubaaqudgha.
  1475 | D:2      | Reached XP level 4. HP: 28/28 MP: 7/7
  1605 | D:2      | Reached skill level 1 in Summonings
  1738 | D:3      | Noticed a +0 short sword
  1739 | D:3      | Noticed a +0 spear
  1739 | D:3      | Noticed a +0 spear
  1739 | D:3      | Noticed a +0 falchion
  1744 | D:3      | Noticed a +0 dagger
  1744 | D:3      | Noticed a +0 short sword
  1744 | D:3      | Noticed a +0 falchion
  1744 | D:3      | Noticed a +0 dagger
  2191 | D:3      | Reached XP level 5. HP: 33/33 MP: 5/8
  2466 | D:3      | Found a sacrificial altar of Ru.
  2534 | D:3      | Became a worshipper of Ru the Awakened
  2829 | D:3      | Noticed a kobold brigand
  2839 | D:3      | Found the +7 Throatcutter {drain, coup de grace}
  2854 | D:3      | Killed a kobold brigand
  2855 | D:3      | Reached skill level 4 in Transmutations
  2855 | D:3      | Reached XP level 6. HP: 38/38 MP: 9/9
  2934 | D:3      | Found a faded altar of an unknown god.
  3031 | D:3      | Found a hide-covered altar of Uskayaw.
  3226 | D:4      | Found Okuerog's Magic Scroll Emporium.
  3230 | D:4      | Bought a scroll of identify for 28 gold pieces
  3230 | D:4      | Identified a scroll of acquirement
  3232 | D:4      | Acquired the ring "Baharghiu" {Fly Int+5 Dex+4}
  3235 | D:4      | Bought a scroll of magic mapping for 105 gold pieces
  3450 | D:4      | Found a blossoming altar of Fedhas.
  3522 | D:4      | Reached skill level 5 in Unarmed Combat
  3625 | D:4      | Reached skill level 1 in Stealth
  3625 | D:4      | Reached XP level 7. HP: 29/43 MP: 6/10
  3811 | D:4      | Gained mutation: You are occasionally teleported next to
                  | monsters. [potion of mutation]
  3811 | D:4      | Gained mutation: One of your tentacles bears a spike.
                  | [potion of mutation]
  4173 | D:5      | Entered Level 5 of the Dungeon
  4187 | D:5      | Reached skill level 5 in Transmutations
  4355 | D:5      | Found a glowing drain.
  4356 | D:5      | Gained mutation: You cannot study or use magical devices.
                  | [Ru sacrifice]
  4356 | D:5      | Reached * piety under Ru
  4356 | D:5      | Reached ** piety under Ru
  4360 | Sewer    | Entered a sewer
  4413 | Sewer    | Identified the +4 mace of Dissolution {speed, Fly rN+++
                  | Will- Dex-3}
  4807 | D:5      | Reached XP level 8. HP: 48/48 MP: 11/11
  4817 | D:5      | Learned a level 4 spell: Ice Form
  5006 | D:5      | Reached skill level 5 in Stealth
  5006 | D:5      | Reached skill level 1 in Ice Magic
  5015 | D:5      | Found Vivausem's Assorted Antiques.
  5021 | D:5      | Reached skill level 5 in Summonings
  5069 | D:5      | Bought a potion of heal wounds for 120 gold pieces
  5079 | D:5      | Reached skill level 6 in Transmutations
  5088 | D:5      | HP: 1/48 [gnoll bouda/+0 whip (12)]
  5088 | D:5      | Slain by a gnoll

Illustrated notes

Levels and vault maps discovered:
D:1:      evilmike_arrival_fibonacci_small, layout_rooms, serial_glass,
          glass_columns_b, glass_columns_b
D:2:      layout_basic, basic_altar
D:3:      layout_basic, nicolae_uskayaw_en_pointe,
          nicolae_ru_the_path_less_chosen,
          hellmonk_ecumenical_altar_leap_of_faith,
          dilly_guarded_unrand_throatcut
D:4:      minmay_opposing_rooms, layout_basic, amcnicky_altar_gilded,
          serial_shops, nicolae_shop_hallway_stairs
D:5:      kennysheep_kobold_camp, layout_rooms, gup_sewer_entry_spiral,
          serial_shops, shop

Skill      XL: |  1  2  3  4  5  6  7  8 |
---------------+-------------------------+-----
Transmutations | 3 4 5 6 |  6.1
Summonings     | 1 2 3 4 5 |  5.2
Unarmed Combat | 4 5 |  5.0
Stealth        | 1 4 5 |  5.8
Ice Magic      | 2 |  2.1
Fighting       | |  1.0
Dodging        | |  2.0
Spellcasting   | |  2.0

Action                   |  1- 3 |  4- 6 |  7- 9 || total
-------------------------+-------+-------+-------++-------
Melee: Unarmed           |    74 |    63 |       ||   137
       Constrict         |    22 |    19 |    18 ||    59
       Tentacles         |    12 |    19 |    14 ||    45
       Punch             |     2 |     2 |     5 ||     9
       Kick              |     5 |     3 |    18 ||    26
       Long sword        |       |    22 |    97 ||   119
 Cast: Beastly Appendage |     3 |     2 |       ||     5
       Wereblood         |       |     3 |     1 ||     4
       Call Canine Famil |       |     2 |     1 ||     3
Invok: Sacrifice Artific |       |       |     1 ||     1
  Use: Potion            |       |     5 |     3 ||     8
       Scroll            |       |     8 |     3 ||    11
 Stab: Sleeping          |     2 |     4 |    18 ||    24
       Distracted        |       |       |     1 ||     1
Armor: Skin              |     5 |     7 |     7 ||    19
Dodge: Dodged            |    50 |    44 |    56 ||   150
